 Dungeon Crawl Stone Soup version 0.32-a0-818-gb728d0252e (webtiles) character file.

Game seed: 5700765320716827595

44 AstroCodex24 the Shield-Bearer (level 3, -4/29 HPs)
             Began as a Vampire Fighter on Mar 23, 2024.
             Slain by an iguana (10 damage)
             ... on level 5 of the Dungeon.
             The game lasted 00:03:30 (805 turns).

AstroCodex24 the Shield-Bearer (Vampire Fighter)     Turns: 805, Time: 00:03:31

Health: -4/29      AC:  7    Str: 17    XL:     3   Next: 41%
Magic:  3/3        EV:  8    Int: 10    God:
Gold:   37         SH:  4    Dex: 13    Spells: 2/2 levels left

rFire   . . .        a - +0 war axe
rCold   . . .        c - +0 buckler
rNeg    . . .        b - +0 scale mail
rPois   .            j - +0 helmet
rElec   .            (no cloak)
rCorr   .            (no gloves)
SInv    +            (no boots)
Will    .....        (no amulet) Stlth
                     (no ring)
HPRegen 0.44/turn    (no ring)
MPRegen 0.08/turn

%: no passive effects
@: healing quickly
A: alive, fangs 3, see invisible, vampiric 2
a: Exsanguinate


You were on level 5 of the Dungeon.
You visited 1 branch of the dungeon, and saw 5 of its levels.

You collected 37 gold pieces.

Inventory:

Hand Weapons
 a - a +0 war axe (weapon)
Armour
 b - a +0 scale mail (worn)
 c - a +0 buckler (worn)
 j - a +0 helmet (worn)
Scrolls
 e - 2 scrolls of enchant weapon {unknown}
 g - a scroll of butterflies {unknown}
 i - a scroll of revelation {unknown}
 k - a scroll of noise {unknown}
 l - a scroll of enchant armour {unknown}
 o - 3 scrolls of identify {unknown}
Potions
 d - a potion of might
 f - a potion of brilliance {unknown}
 h - a potion of attraction {unknown}
 m - a potion of cancellation {unknown}
 n - a potion of lignification {unknown}


   Skills:
 + Level 3.0 Fighting
 + Level 2.3 Axes
 + Level 2.8 Armour
 + Level 0.1 Dodging
 + Level 3.0 Shields


You had 2 spell levels left.
You didn't know any spells.
Your spell library was empty.

Dungeon Overview and Level Annotations

Branches:
Dungeon (5/15)
 Temple: D:4-7

Altars:

Shops:
D:2 [


Innate Abilities, Weirdness & Mutations

Your natural rate of healing is accelerated.
You have razor-sharp teeth.
You have supernaturally acute eyesight. (SInv)
You are afflicted with vampirism and can become a bat while bloodless.


Message History

The quokka barely misses you. The quokka completely misses you.
You barely miss the quokka. You bite the quokka.
You kill the quokka!
o - 3 scrolls labelled NOYVAPNENU You can't go down here!
Unknown command.
Found a stone staircase leading down.
Found 7 gold pieces.
There is a shaft here.
You fall into a shaft and drop 1 floor!
The shaft crumbles and collapses.
Found 3 stones.
You see here 3 stones.
Found a stone staircase leading down.
Found a spear.
Found a rapier.
There is a stone staircase leading down here.
You climb downwards.
There is a stone staircase leading up here.
Found a scroll labelled FOSTAO XIYLI.
Found 10 gold pieces.
An iguana comes into view.
The iguana hisses angrily.
Found a stone.
Found a mace.
You see here 10 gold pieces.
You closely miss the iguana. You bite the iguana.
The iguana is lightly wounded.
The iguana bites you!
You hit the iguana but do no damage.
The iguana is lightly wounded.
You block the iguana's attack.
You closely miss the iguana.
The iguana is lightly wounded.
The iguana bites you. The iguana bites you!
* * * LOW HITPOINT WARNING * * *
You barely miss the iguana.
The iguana is lightly wounded.
The iguana bites you!
You die...

#.##. #..####.#
.....###......#
#.....#.#######
#.####..#
#.......#
######.## #...#
#..$# #..@#
#..l# #.?.#
#...# .....
(..... ...)...
####...##


You could see an iguana.

Vanquished Creatures
  2 adders
  3 bats
  2 endoplasms
  2 giant cockroaches
  3 goblins
  2 hobgoblins
  4 jackals (D:1)
  A kobold (D:1)
  A quokka (D:3)
  A ball python (D:2)
  A frilled lizard (D:1)
  A rat (D:1)
23 creatures vanquished.

Notes
Turn   | Place    | Note
-------+----------+-------------------------------------------
     0 | D:1      | AstroCodex24 the Vampire Fighter began the quest for the
                  | Orb.
     0 | D:1      | Reached XP level 1. HP: 17/17 MP: 1/1
   162 | D:1      | Reached XP level 2. HP: 23/23 MP: 2/2
   195 | D:1      | Found a faded altar of an unknown god.
   538 | D:2      | Found Jamutemod's Antique Armour Emporium.
   608 | D:2      | Gained mutation: You are afflicted with vampirism and can
                  | become a bat while bloodless. [Vampire growth]
   608 | D:2      | Reached XP level 3. HP: 20/28 MP: 3/3
   720 | D:3      | You fall into a shaft and drop 1 floor!
   744 | D:5      | Entered Level 5 of the Dungeon
   805 | D:5      | Slain by an iguana

Illustrated notes

Levels and vault maps discovered:
D:1:      minmay_arrival_stair_chambers, layout_loops_ring,
          chequers_ecumenical_altar_island, minmay_tall_x
D:2:      layout_basic, serial_shops, nicolae_shop_peninsula, serial_glass,
          glass_columns_b, glass_columns_b
D:3:      layout_loops_ring, nicolae_overflow_crystal_walls, uniq_sigmund,
          uniq_jessica
D:4:      cheibrodos_helix_gallery, layout_cave_pods
D:5:      layout_loops_cross, kennysheep_nondescript

Skill      XL: |  1  2  3 |
---------------+----------+-----
Axes           | 2 |  2.3
Shields        | 3 |  3.0
Fighting       | 3 |  3.0
Armour         | |  2.8
Dodging        | |  0.1

Action                     || total
---------------------------++-------
  Melee: War axe           ||    81
         Bite              ||     5
 Armour: Scale mail        ||    82
  Dodge: Dodged            ||    34
  Block: Buckler           ||    27

Table legend: (Time is in decaauts)
 A = Elapsed time spent in this place.
 B = Non-inter-level travel time spent in this place.
 C = Inter-level travel time spent in this place.
 D = Time resting spent in this place.
 E = Time spent auto-exploring this place.
 F = Levels seen in this place.
 G = Mean time per level.
                   A        B        C        D        E       F      G
               +--------+--------+--------+--------+--------+-----+--------+
         Total |    849 |    847 |      2 |      0 |      0 |   5 |  169.8 |
       Dungeon |    849 |    847 |      2 |      0 |      0 |   5 |  169.8 |
               +--------+--------+--------+--------+--------+-----+--------+

Top non-repeatable levels by time:
     D:1: 481 daAuts
     D:2: 218 daAuts
     D:3: 63 daAuts
     D:5: 62 daAuts
     D:4: 23 daAuts
